 Dungeon Crawl Stone Soup version 0.30.1-11-g7821555f0a (webtiles) character file.

Game seed: 11173656012474081767

2216 lonewolfV2 the Cleaver (level 9, 0/81 HPs)
             Began as a Hill Orc Fighter on Nov 14, 2023.
             Was a Believer of Beogh.
             Slain by a freezing wraith (3 damage)
             ... summoned by a vampire mage
             ... on level 1 of the Abyss.
             The game lasted 00:09:07 (6036 turns).

lonewolfV2 the Cleaver (Hill Orc Fighter)           Turns: 6036, Time: 00:09:08

Health: 0/81       AC: 19    Str: 22 (23) XL:     9   Next: 35%
Magic:  0/0        EV:  6    Int:  8      God:    Beogh [**....]
Gold:   443        SH:  7    Dex: 10      Spells: 8/8 levels left

rFire   + . .        a - +1 war axe
rCold   . . .        c - +2 buckler
rNeg    . . .        x - +8 plate armour of Mezcal {Rampage rF+ MP-9}
rPois   .            (no helmet)
rElec   .            h - +2 cloak
rCorr   .            (no gloves)
SInv    .            (no boots)
Will    .....        (no amulet) Stlth
                     (no ring)
HPRegen 0.33/turn    (no ring)
MPRegen 0.07/turn

%: rampage
@: on berserk cooldown, hasted, very quick
A: [deformed body], [deterioration 2], [low MP 2], [no potion heal 2]
a: Renounce Religion, Smiting


You were on level 1 of the Abyss.
You worshipped Beogh.
Beogh was pleased with you.
You visited 1 branch of the dungeon, and saw 7 of its levels.
You visited the Abyss 1 time.
You also visited: Ossuary.

You collected 443 gold pieces.

Inventory:

Hand Weapons
 a - a +1 war axe (weapon)
Missiles
 r - a throwing net (quivered)
Armour
 b - a +0 scale mail
 c - a +2 buckler (worn)
 h - a +2 cloak (worn)
 x - the +8 plate armour of Mezcal (worn) {Rampage rF+ MP-9}
   (You found it on level 6 of the Dungeon)

   rF:        It protects you from fire.
   MP:        It affects your magic capacity (-9).
   Rampage:   It bestows one free step when moving towards enemies.
Wands
 v - a wand of light (10)
Scrolls
 e - 3 scrolls of identify
 k - 2 scrolls of poison
 o - a scroll of butterflies
 q - a scroll of fear
 u - a scroll of teleportation
Potions
 d - 7 potions of might
 f - 2 potions of attraction
 g - 5 potions of curing
 j - 2 potions of magic
 l - a potion of mutation
 n - a potion of brilliance
 s - 2 potions of resistance


   Skills:
 - Level 8.2 Fighting
 - Level 8.6 Axes
 + Level 7.3 Armour
 + Level 7.3 Shields


You had 8 spell levels left.
You didn't know any spells.
Your spell library contained the following spells:

 Spells                   Type           Power      Damage    Failure   Level
 Call Canine Familiar     Summ           0%         N/A       100%        3
 Portal Projectile        Hex/Tloc       0%         N/A       100%        3
 Leda's Liquefaction      Hex/Erth       0%         N/A       100%        4


Dungeon Overview and Level Annotations

Branches:
Dungeon (7/15)            Ossuary (visited)
 Temple: D:4-7

Altars:
Okawaru
Qazlal
Uskayaw
Zin

Shops:
D:5 !

Annotations:
D:3 3 runed translucent doors, Angrytalen2's ghost, amateur GrMo; DrWho's ghost, weakling SpEn


Innate Abilities, Weirdness & Mutations

[Armour fits poorly on your strangely shaped body.]
[Your body often deteriorates upon taking damage.]
[Your magical capacity is very low. (-20% MP)]
[Potions cannot restore your health.]


Message History

Your life force feels restored.
Your Armour skill increases to level 7!
Your Shields skill increases to level 7!
You miss something.
The substance of the Abyss twists violently, and a gateway leading out appears!
Something draws life force from you!
* * * LOW HITPOINT WARNING * * *
You slash something! Something hits you but does no damage.
Something bites you but does no damage.
You miss something. You closely miss something.
You are no longer berserk.
You are exhausted.
You feel yourself slow down. Something hits you but does no damage.
Something bites you.
* * * LOW HITPOINT WARNING * * *
Something draws strength from your injuries!
You slash something! Something hits you.
* * * LOW HITPOINT WARNING * * *
Something bites you but does no damage.
You hear some strange, mumbled words.
As you read the scroll of teleportation, it crumbles to dust.
You feel strangely unstable.
You feel the power of the Abyss delaying your translocation!
Something draws life force from you!
* * * LOW HITPOINT WARNING * * *
Your body deteriorates!
You feel weakened.
You can't see any enemies this would affect, really read the scroll of fear?
Okay, then.
You feel strangely stable.
Your magical effects are unravelling.
You feel magically purged.
You feel yourself speed up.
You hear some strange, mumbled words.
Something hits you but does no damage. Something bites you but does no damage.
You block the freezing wraith's attack. The freezing wraith barely misses you.
You feel yourself speed up. The mummy barely misses you.
You hear some strange, mumbled words.
The freezing wraith hits you.
You die...

. .. ..# . .#
#... .##.# ...#
. ###... ...##
..##..#.##.#...
# ##.........##
...#..........#
..#..#WM.......
.....∩{@Z.....#
##≈#W.Vz.......
# #....###.##.
~≈...#...∩ .#
###..##.. .#
##. #... #
#####.... .


You could see a jiangshi (summoned), a freezing wraith (summoned), a wraith
(summoned), a mummy (summoned), a wight (summoned) and a juggernaut skeleton
(summoned).

Vanquished Creatures
  A wretched star (Abyss:1)
  Eustachio (D:5)
  A large abomination (Abyss:1)
  A steam dragon (D:7)
  2 black bears (D:5)
  An ice beast (D:6)
  A small abomination (Abyss:1)
  An ogre (D:5)
  An elf zombie (Ossuary)
  A scorpion (D:7)
  A howler monkey (D:5)
  4 hounds
  2 jellies
  Terence (D:2)
  3 iguanas
  3 orc wizards
  A hound zombie (Ossuary)
  5 mummies
  7 gnolls
  6 adders
  A white imp (D:6)
  An adder zombie (Ossuary)
  2 dart slugs
  A worm (D:3)
  18 orcs
  9 ball pythons
  6 bats
  5 endoplasms
  9 giant cockroaches
  2 gnoll zombies (Ossuary)
  3 goblins (D:1)
  5 hobgoblins
  4 kobolds (D:1)
  8 quokkas
  3 frilled lizards (D:1)
  A goblin zombie (Ossuary)
  A hobgoblin zombie (Ossuary)
  3 kobold zombies
  2 orc zombies
  4 rats
  2 rat zombies (Ossuary)
134 creatures vanquished.

Vanquished Creatures (others)
  An orc (D:7)
  A giant cockroach (D:3)
  A bat (D:3)
3 creatures vanquished.

Grand Total: 137 creatures vanquished

Notes
Turn   | Place    | Note
-------+----------+-------------------------------------------
     0 | D:1      | lonewolfV2 the Hill Orc Fighter began the quest for the
                  | Orb.
     0 | D:1      | Reached XP level 1. HP: 19/19 MP: 1/1
   127 | D:1      | Reached XP level 2. HP: 27/27 MP: 2/2
   329 | D:1      | Reached XP level 3. HP: 34/34 MP: 3/3
   546 | D:2      | Found a faded altar of an unknown god.
   942 | D:2      | Reached skill level 5 in Fighting
  1031 | D:2      | Reached XP level 4. HP: 32/42 MP: 4/4
  1186 | D:2      | Noticed Terence
  1208 | D:2      | Killed Terence
  1209 | D:2      | Reached XP level 5. HP: 44/50 MP: 5/5
  1576 | D:3      | Became a worshipper of Beogh the Brigand
  1838 | D:3      | Found a stormy altar of Qazlal.
  2524 | D:3      | Found a runed translucent gate.
  2525 | D:3      | Found a runed translucent gate.
  2525 | D:3      | Found a runed translucent gate.
  2526 | D:3      | Noticed Angrytalen2's ghost (amateur GrMo)
  2526 | D:3      | Noticed DrWho's ghost (weakling SpEn)
  2801 | D:4      | Reached skill level 5 in Axes
  2898 | D:4      | Reached XP level 6. HP: 50/58 MP: 6/6
  2945 | D:4      | Reached * piety under Beogh
  3669 | D:5      | Entered Level 5 of the Dungeon
  3694 | D:5      | Reached XP level 7. HP: 47/64 MP: 7/7
  3855 | D:5      | Found a sand-covered staircase.
  3963 | Ossuary  | Entered an ossuary
  4596 | D:5      | Found a glowing silver altar of Zin.
  4671 | D:5      | Reached XP level 8. HP: 73/74 MP: 8/8
  5048 | D:5      | Found an iron altar of Okawaru.
  5048 | D:5      | Noticed Eustachio
  5073 | D:5      | Killed Eustachio
  5158 | D:5      | Found Qugorcho's Distillery.
  5224 | D:6      | Reached ** piety under Beogh
  5308 | D:6      | Identified the +8 plate armour of Mezcal {Rampage rF+ MP-9}
  5364 | D:6      | Found a hide-covered altar of Uskayaw.
  5874 | D:7      | Reached skill level 5 in Armour
  5874 | D:7      | Reached skill level 5 in Shields
  5885 | Abyss:1  | Cast into level 1 of the Abyss (orc)
  5967 | Abyss:1  | Noticed a large abomination
  5984 | Abyss:1  | Killed a large abomination
  6004 | Abyss:1  | Noticed a wretched star
  6013 | Abyss:1  | Noticed a vampire mage
  6018 | Abyss:1  | Reached XP level 9. HP: 78/81 MP: 0/7
  6028 | Abyss:1  | Killed a wretched star
  6034 | Abyss:1  | Noticed a freezing wraith
  6034 | Abyss:1  | HP: 2/81 [something (17)]
  6036 | Abyss:1  | Slain by a freezing wraith

Illustrated notes

Levels and vault maps discovered:
D:1:      scummos_arrival_forest, layout_rooms, nicolae_kite_square_tiling_tiny,
          moated_statue
D:2:      layout_loops_corners, basic_ecumenical_altar, uniq_terence
D:3:      layout_loops_ring, lemuel_doored_altar, gammafunk_ghost_cemetery
D:4:      layout_cave_pools, gup_sewer_entry_pipe, minmay_statues_item
D:5:      layout_cave_pods, lemuel_crystal_altar, zin_statuary, serial_shops,
          shop, nicolae_ossuary_entry_giza, uniq_eustachio
D:6:      layout_basic, overflow_temple_1_default
D:7:      layout_basic, minmay_temple_entry_grid, serial_shops, shop, shop,
          minivault_24
Abyss:1:  base:
D:6

Skill      XL: |  1  2  3  4  5  6  7  8  9 |
---------------+----------------------------+-----
Fighting       | 4 5 6 8 |  8.2
Axes           | 3 4 5 7 8 |  8.6
Armour         | 6 7 |  7.3
Shields        | 6 7 |  7.3

Action                     |  1- 3 |  4- 6 |  7- 9 || total
---------------------------+-------+-------+-------++-------
  Melee: War axe           |    95 |   179 |   166 ||   440
 Invoke: Convert to Beogh  |       |     1 |       ||     1
    Use: Scroll            |     1 |    16 |     6 ||    23
         Potion            |       |       |     6 ||     6
 Armour: Scale mail        |    73 |    91 |    65 ||   229
         Plate armour      |       |       |    49 ||    49
  Dodge: Dodged            |    39 |    83 |    55 ||   177
  Block: Buckler           |    24 |    46 |    49 ||   119
